 Dungeon Crawl Stone Soup version 0.18.1-47-g9310371 (webtiles) character file.

1204 mindo the Covered (level 8, -4/71 HPs)
             Began as a Minotaur Fighter on June 17, 2016.
             Killed from afar by KrisztiCat's ghost (18 damage)
             ... with a stone arrow
             ... on level 7 of the Dungeon on June 18, 2016.
             The game lasted 00:22:33 (3739 turns).

mindo the Covered (Minotaur Fighter)                Turns: 3739, Time: 00:22:34

Health: -4/71      AC: 13    Str: 20    XL:     8   Next: 21%
Magic:  16/16      EV:  7    Int:  5    God:
Gold:   225        SH: 11    Dex: 13    Spells: 0 memorised, 7 levels left

rFire  + . .     SeeInvis .     a - +0 long sword
rCold  + . .     Gourm    .     g - +0 chain mail
rNeg   . . .     Faith    .     c - +0 shield
rPois  +         Spirit   .     (helmet restricted)
rElec  +         Dismiss  +     u - +0 cloak
rCorr  +         Reflect  .     s - +0 pair of gloves
SustAt .         Harm     .     (no boots)
MR     .....                    y - amulet of dismissal
Stlth  ..........               (no ring)
                                t - ring of magical power

@: resistant, not resistant to hostile enchantments, extremely unstealthy
A: retaliatory headbutt, horns 2
a: no special abilities


You were on level 7 of the Dungeon.
You were not hungry.

You visited 1 branch of the dungeon, and saw 5 of its levels.

You collected 225 gold pieces.

Inventory:

Hand Weapons
 a - a +0 long sword (weapon)
 w - a +0 spear of venom
Armour
 c - a +0 shield (worn)
 g - a +0 chain mail (worn)
 s - a +0 pair of gloves (worn)
 u - a +0 cloak (worn)
Jewellery
 t - a ring of magical power (left hand)
 y - an amulet of dismissal (around neck)
Wands
 d - a wand of confusion (19/48)
Scrolls
 e - 3 scrolls of remove curse
 h - 2 scrolls of teleportation {unknown}
 j - a scroll of immolation {unknown}
 l - a scroll of fear {unknown}
 m - 2 scrolls of enchant weapon {unknown}
 o - a scroll of noise {unknown}
 p - a scroll of random uselessness {unknown}
Potions
 k - a potion of flight {unknown}
 q - a potion of curing {unknown}
 r - a potion of mutation {unknown}
 v - a potion of cancellation {unknown}
Comestibles
 f - 2 bread rations
 i - 2 beef jerkies
 x - a meat ration


   Skills:
 + Level 6.7 Fighting
 + Level 5.0 Long Blades
 + Level 7.3 Armour
 + Level 2.1 Dodging
 * Level 7.2 Shields


You had 7 spell levels left.
You didn't know any spells.

Dungeon Overview and Level Annotations

Branches:
Dungeon (7/15)
 Temple: D:4-7

Altars:
Gozag
Okawaru
Pakellas
Vehumet

Annotations:
D:7 KrisztiCat's ghost, novice GrEE


Innate Abilities, Weirdness & Mutations

You reflexively headbutt those who attack you in melee.
You have a pair of horns on your head.


Message History

KrisztiCat's ghost is heavily damaged.
KrisztiCat's ghost gestures at you while chanting.
The rocky blast hits you!
* * * LOW HITPOINT WARNING * * *
You completely miss KrisztiCat's ghost.
KrisztiCat's ghost is heavily damaged.
KrisztiCat's ghost barely misses you. You furiously retaliate!
You headbutt KrisztiCat's ghost, but do no damage.
A ball python comes into view.
You hit KrisztiCat's ghost but do no damage.
KrisztiCat's ghost is heavily damaged.
KrisztiCat's ghost hits you but does no damage.
You hit KrisztiCat's ghost.
KrisztiCat's ghost is heavily damaged.
KrisztiCat's ghost hits you but does no damage. x2
You hit KrisztiCat's ghost. You headbutt KrisztiCat's ghost.
KrisztiCat's ghost is heavily damaged.
KrisztiCat's ghost gestures at you while chanting.
The stone arrow hits you!
You die...

.....oF#.#.⌠.⌠.###..########...[.
.......Z.#.....#.................
.........###'####..########.#.#..
.......##.##......## #.._..#
........#..........# ###.#.#
#..##.......#..#.#.# #.#.#
...####..........# #..†# ##.#
#..........##.###### ###.# ##.#
#.......S.@W........###...#
###.###....#......#...#.###
###.....##........ #......<
#........###......##.......
#........W.###.....#.......
#........#.................
#..........................
............#.#####........
....................##.####


You could see KrisztiCat's ghost and a ball python.

Vanquished Creatures
  A water moccasin (D:7)
  An ice beast (D:6)
  An ogre (D:6)
  A centaur (D:6)
  4 giant frogs
  A wyvern skeleton (D:6)
  The ghost of Malvoorn the Ruffian, a weakling TrMo (D:3)
  A giant frog skeleton (D:6)
  A gnoll shaman (D:6)
  An orc priest (D:6)
  2 hounds
  A jelly (D:7)
  2 orc wizards
  An iguana (D:7)
  5 gnolls
  7 adders
  2 shadow imps (D:6)
  4 worms
  2 giant geckos
  12 orcs
  3 giant cockroaches
  5 goblins
  7 hobgoblins
  14 jackals
  3 kobolds
  A quokka (D:6)
  A ball python (D:2)
  9 bats
  6 giant newts
  6 rats
106 creatures vanquished.

Notes
Turn   | Place    | Note
--------------------------------------------------------------
     0 | D:1      | mindo the Minotaur Fighter began the quest for the Orb.
     0 | D:1      | Reached XP level 1. HP: 19/19 MP: 0/0
   115 | D:1      | Reached XP level 2. HP: 24/27 MP: 1/1
   679 | D:2      | Reached XP level 3. HP: 32/33 MP: 2/2
  1321 | D:3      | Reached XP level 4. HP: 29/41 MP: 3/3
  2278 | D:3      | Noticed Malvoorn's ghost (weakling TrMo)
  2279 | D:3      | Reached skill level 5 in Armour
  2297 | D:3      | Reached XP level 5. HP: 39/47 MP: 4/4
  2311 | D:3      | Killed Malvoorn's ghost
  2311 | D:3      | Reached skill level 5 in Fighting
  2640 | D:3      | You fall through a shaft for 3 floors!
  2667 | D:6      | Noticed an ice beast
  2674 | D:6      | Killed an ice beast
  2674 | D:6      | Reached XP level 6. HP: 44/56 MP: 5/5
  2688 | D:6      | Reached skill level 5 in Shields
  2713 | D:6      | Found an opulent altar of Gozag.
  2891 | D:6      | Reached XP level 7. HP: 55/62 MP: 6/6
  2922 | D:6      | Reached skill level 1 in Dodging
  3314 | D:7      | Noticed KrisztiCat's ghost (novice GrEE)
  3429 | D:7      | Reached XP level 8. HP: 61/71 MP: 7/7
  3569 | D:7      | Found an iron altar of Okawaru.
  3633 | D:7      | Found an oddly glowing altar of Pakellas.
  3696 | D:7      | Found a radiant altar of Vehumet.
  3712 | D:7      | Reached skill level 5 in Long Blades
  3739 | D:7      | Killed from afar by KrisztiCat's ghost

Skill      XL: |  1  2  3  4  5  6  7  8 |
---------------+-------------------------+-----
Fighting       | 4 5 6 |  6.7
Armour         | 4 5 6 7 |  7.3
Shields        | 4 5 6 7 |  7.2
Long Blades    | 3 4 5 |  5.0
Dodging        | 2 |  2.1

Action                   |  1- 3 |  4- 6 |  7- 9 || total
-------------------------+-------+-------+-------++-------
Melee: Long sword        |   107 |   107 |   131 ||   345
       Headbutt          |     8 |    19 |    24 ||    51
  Use: Scroll            |       |       |     4 ||     4
       Potion            |       |       |     3 ||     3
  Eat: Bread ration      |       |     2 |       ||     2
       Beef jerky        |       |       |     1 ||     1
Armor: Scale mail        |    77 |    37 |    29 ||   143
       Chain mail        |       |       |    31 ||    31
Dodge: Dodged            |    68 |    41 |    42 ||   151
Block: Shield            |    77 |    67 |    87 ||   231
